 Dungeon Crawl Stone Soup version bcrawl-1.35.4b (webtiles) character file.

Game seed: 9043464848860787094

221930 Dulis131 the Slasher (level 8, 34/64 HPs)
             Began as a Human Fighter on Jan 29, 2022.
             Starved to death
             ... on level 4 of the Dungeon on Jan 30, 2022.
             The game lasted 00:24:53 (5076 turns).

Dulis131 the Slasher (Human Fighter)                Turns: 5076, Time: 00:24:53

Health: 34/64      AC: 14    Str: 18    XL:     8   Next: 62%
Magic:  8/8        EV:  2    Int: 10    God:
Gold:   238        SH: 11    Dex: 12    Spells: 7/7 levels left

rFire    . . .     SeeInvis .   a - +0 long sword
rCold    . . .     Gourm    .   c - +0 medium shield
rNeg     . . .     Faith    .   x - +0 plate armour
rPois    .         Spirit   .   (no helmet)
rElec    .         Reflect  .   q - scarf {repulsion}
rCorr    .                      y - +1 pair of gloves
MR       .....                  (no boots)
Stlth    ..........             g - amulet of regeneration
HPRegen  0.44/turn              (no ring)
MPRegen  0.11/turn              (no ring)

@: fainting, repel missiles
A: no striking features
a: no special abilities


You were on level 4 of the Dungeon.
You were fainting.

You visited 2 branches of the dungeon, and saw 5 of its levels.
You also visited: Ossuary.

You collected 238 gold pieces.

Inventory:

Hand Weapons
 a - a +0 long sword (weapon)
 p - a +3 spear
 r - a +0 vampiric scythe
 t - a +0 morningstar
 A - a +0 scythe
Missiles
 v - 142 poisoned tomahawks (quivered)
Armour
 c - a +0 medium shield (worn)
 h - a +0 hat
 q - a scarf of repulsion (worn)
 x - a +0 plate armour (worn)
 y - a +1 pair of gloves (worn)
Jewellery
 g - an amulet of regeneration (around neck)
Wands
 m - a wand of flame (9)
 n - a wand of polymorph (7)
Scrolls
 b - 4 scrolls of teleportation {unknown}
 f - 4 scrolls of enchant weapon {unknown}
 o - a scroll of amnesia {unknown}
 w - a scroll of fear {unknown}
 B - 2 scrolls of fog {unknown}
 D - 4 scrolls of remove curse {unknown}
 G - a scroll of magic mapping {unknown}
Potions
 d - 3 potions of might
 e - 2 potions of heal wounds
 j - a potion of brilliance {unknown}
 k - 2 potions of agility {unknown}
 l - 3 potions of curing
 s - a potion of flight {unknown}
 z - a potion of cancellation {unknown}
 C - a potion of haste {unknown}
 E - 3 potions of lignification {unknown}
 F - a potion of degeneration {unknown}
 H - a potion of berserk rage {unknown}


   Skills:
 + Level 5.6 Fighting
 + Level 6.8 Long Blades
 + Level 5.4 Armour
 + Level 1.7 Dodging
 + Level 5.3 Shields


You had 7 spell levels left.
You didn't know any spells.
Your spell library was empty.

Dungeon Overview and Level Annotations

Branches:
Dungeon (4/12)             Temple (1/1) D:4

Altars:
Ashenzari
Elyvilon
Gozag
Nemelex Xobeh
Ru
Vehumet
Xom
Yredelemnul
Zin
The Shining One


Message History

You kill the scorpion!
You closely miss something. Something hits you but does no damage.
You block something's attack.
You miss something. Something hits you but does no damage.
You closely miss something. Something hits you but does no damage.
You closely miss something. Something hits you but does no damage.
You closely miss something. Something hits you but does no damage.
You miss something. Something hits you but does no damage.
You closely miss something. Something hits you but does no damage.
Something hits you. Something shocks you.
You closely miss something. Something hits you. Something shocks you.
You closely miss something. Something hits you but does no damage.
You closely miss something. Something hits you but does no damage.
Your shield prevents you from hitting something.
A sky beast appears from thin air!
Reactivating autopickup.
You block the sky beast's attack.
You miss the sky beast.
You have starved to death.
You die...

#........
.....>.... #.......
.....#... #...)..#
......... #......#
##....... #.[.≈≈≈#
#........ #....≈.#
###........
#.###.##
##...#......
#....Y##
#..#.#......
#.##§@.#
#.##.#......
##..####.##.#....(.
#...##..##.##.....
##..##.##..##...#.
#........###.....
#..##.#..##...#..
##.#..#......####
#...#.......# ##
#..#...###.####.


You could see a sky beast.

Vanquished Creatures
  Sigmund (D:3)
  A scorpion (D:4)
  A water moccasin zombie (Ossuary)
  3 centaur zombies (Ossuary)
  A howler monkey (D:3)
  A hound (D:4)
  Jessica (D:3)
  Natasha (thrice) (D:3)
  14 mummies (Ossuary)
  Terence (D:3)
  A worker ant (D:4)
  2 killer bee zombies (Ossuary)
  3 hound zombies (Ossuary)
  4 worker ant zombies (Ossuary)
  A howler monkey zombie (Ossuary)
  4 adders
  2 oozes
  2 adder zombies (Ossuary)
  5 worms
  5 dart slugs
  6 leopard geckos
  7 orcs
  2 ball pythons
  7 bats
  5 giant cockroaches
  7 goblins
  9 hobgoblins
  7 jackals (D:2)
  6 kobolds
  3 quokkas
  3 frilled lizards (D:1)
  A jackal zombie (Ossuary)
  A quokka skeleton (D:4)
  A quokka zombie (Ossuary)
  8 rats
129 creatures vanquished.

Vanquished Creatures (others)
  2 withered plants (Ossuary)
2 creatures vanquished.

Grand Total: 131 creatures vanquished

Notes
Turn   | Place    | Note
-------+----------+-------------------------------------------
     0 | D:1      | Dulis131 the Human Fighter began the quest for the Orb.
     0 | D:1      | Reached XP level 1. HP: 18/18 MP: 1/1
   112 | D:1      | Reached XP level 2. HP: 21/24 MP: 2/2
   544 | D:1      | Reached XP level 3. HP: 29/29 MP: 3/3
  1353 | D:2      | Reached XP level 4. HP: 34/37 MP: 4/4
  1416 | D:2      | Reached skill level 3 in Long Blades
  2385 | D:2      | Reached XP level 5. HP: 41/42 MP: 5/5
  2618 | D:3      | Noticed Sigmund
  2618 | D:3      | Noticed Natasha
  2877 | D:3      | Noticed Jessica
  2883 | D:3      | Killed Jessica
  2967 | D:3      | Noticed Terence
  2990 | D:3      | Killed Terence
  2991 | D:3      | Reached skill level 1 in Dodging
  3066 | D:3      | Killed Natasha
  3067 | D:3      | Reached XP level 6. HP: 36/48 MP: 6/6
  3117 | D:3      | Noticed Natasha
  3129 | D:3      | Killed Natasha
  3195 | D:3      | Killed Sigmund
  3196 | D:3      | Reached skill level 4 in Long Blades
  3196 | D:3      | Reached XP level 7. HP: 24/55 MP: 7/7
  3342 | D:3      | Noticed Natasha
  3352 | D:3      | Killed Natasha
  3353 | D:3      | Reached skill level 5 in Armour
  3969 | D:4      | Found a staircase to the Ecumenical Temple.
  4064 | Temple   | Entered the Ecumenical Temple
  4331 | D:4      | Found a sand-covered staircase.
  4335 | Ossuary  | Entered an ossuary
  4354 | Ossuary  | Reached skill level 5 in Long Blades
  4471 | Ossuary  | Reached skill level 5 in Shields
  4471 | Ossuary  | Reached XP level 8. HP: 23/61 MP: 8/8
  4604 | Ossuary  | Reached skill level 5 in Fighting
  4739 | Ossuary  | Reached skill level 6 in Long Blades
  5076 | D:4      | Starved to death

Skill      XL: |  1  2  3  4  5  6  7  8 |
---------------+-------------------------+-----
Long Blades    | 3 4 5 6 |  6.8
Armour         | 4 5 |  5.4
Fighting       | 4 5 |  5.6
Dodging        | 1 |  1.7
Shields        | 4 5 |  5.3

Action                   |  1- 3 |  4- 6 |  7- 9 || total
-------------------------+-------+-------+-------++-------
Melee: Long sword        |   114 |   216 |   382 ||   712
  Use: Scroll            |       |     1 |     3 ||     4
       Potion            |       |     1 |     1 ||     2
  Eat: Chunk             |     5 |     8 |     1 ||    14
       Ration            |       |     1 |     4 ||     5
Armor: Scale mail        |     7 |       |       ||     7
       Chain mail        |    68 |   109 |    30 ||   207
       Plate armour      |       |       |   139 ||   139
Dodge: Dodged            |     7 |    19 |    21 ||    47
       Deflected         |       |     1 |     2 ||     3
Block: Medium shield     |    79 |   102 |   174 ||   355
